 Dungeon Crawl Stone Soup version 0.22.1-1-ga44c0e5 (webtiles) character file.

1610 Fang the Chopper (level 8, -1/52 HPs)
             Began as a Gargoyle Berserker on Sept 27, 2018.
             Was an Elder of Trog.
             Slain by a shadow imp (2 damage)
             ... on level 6 of the Dungeon.
             The game lasted 00:09:42 (7402 turns).

Fang the Chopper (Gargoyle Berserker)               Turns: 7402, Time: 00:09:43

Health: -1/52      AC:  7    Str: 22    XL:     8   Next: 95%
Magic:  8/8        EV: 13    Int:  9    God:    Trog [****..]
Gold:   207        SH:  0    Dex:  9    Spells: 7/7 levels left

rFire    . . .     SeeInvis .   a - +0 hand axe
rCold    . . .     Gourm    .   (no shield)
rNeg     + . .     Faith    .   b - +0 animal skin
rPois    ∞         Spirit   .   (no helmet)
rElec    +         Reflect  .   (no cloak)
rCorr    .         Harm     .   (no gloves)
MR       .....                  (no boots)
Stlth    ++........             m - amulet of magic regeneration
HPRegen  0.17/turn              v - ring of flight
MPRegen  0.36/turn              (no ring)

@: no status effects
A: negative energy resistance 1, electricity resistance, unbreathing,
petrification resistance, rot immunity, AC +5
a: Berserk, Trog's Hand, Brothers in Arms, Renounce Religion, Evoke Flight


You were on level 6 of the Dungeon.
You worshipped Trog.
Trog was greatly pleased with you.
You were not hungry.

You visited 2 branches of the dungeon, and saw 7 of its levels.

You collected 207 gold pieces.

Inventory:

Hand Weapons
 a - a +0 hand axe (weapon)
Armour
 b - a +0 animal skin (worn)
Jewellery
 m - an amulet of magic regeneration (around neck)
 v - a ring of flight (left hand)
Wands
 u - a wand of acid (8)
Scrolls
 d - a scroll of remove curse {unknown}
 f - 4 scrolls of amnesia {unknown}
 g - 2 scrolls of enchant weapon {unknown}
 i - 6 scrolls of identify {unknown}
 j - 2 scrolls of random uselessness {unknown}
 k - 3 scrolls of teleportation {unknown}
 p - a scroll of immolation {unknown}
 s - a scroll of magic mapping {unknown}
Potions
 e - 2 potions of lignification {unknown}
 h - a potion of degeneration {unknown}
 l - a potion of ambrosia {unknown}
 n - 3 potions of curing {unknown}
 o - 2 potions of brilliance {unknown}
 q - a potion of cancellation {unknown}
 r - 2 potions of haste {unknown}
 t - a potion of magic {unknown}
 w - a potion of might {unknown}
Comestibles
 c - 5 rations


   Skills:
 + Level 6.3 Fighting
 + Level 7.4 Axes
 + Level 2.3 Armour
 + Level 4.5 Dodging
 + Level 3.2 Stealth
 + Level 0.5 Evocations


You had 7 spell levels left.
You didn't know any spells.
Your spell library was empty.

Dungeon Overview and Level Annotations

Branches:
Dungeon (6/15)             Temple (1/1) D:4

Altars:
Cheibriados
Fedhas
Kikubaaqudgha
Nemelex Xobeh
Qazlal
Ru
Sif Muna
Trog
Xom
Zin
The Shining One

Shops:
D:5 ?


Innate Abilities, Weirdness & Mutations

You are resistant to torment.
Your stone body is resilient. (AC +5)
You are immune to poison.
You resist negative energy. (rN+)
You are resistant to electric shocks. (rElec)
You can survive without breathing.
You are immune to petrification.
You are immune to rotting.


Message History

The shadow imp is moderately wounded.
The shadow imp hits you but does no damage.
The orc priest calls down the wrath of Beogh upon you.
Beogh smites you!
* * * LOW HITPOINT WARNING * * *
You barely miss the shadow imp.
The shadow imp is moderately wounded.
The shadow imp closely misses you.
You hit the shadow imp.
The shadow imp is severely wounded.
A jackal skeleton comes into view.
The shadow imp closely misses you. The orc priest misses you.
You hit the shadow imp but do no damage.
The shadow imp is severely wounded.
The shadow imp misses you.
An orc wizard comes into view. It is wielding a dagger of holy wrath.
You hit the shadow imp but do no damage.
The shadow imp is severely wounded.
The orc priest barely misses you. The shadow imp hits you.
You die...

♣.♣♣#.########
.........<...####
♣.♣♣#..#####..... ♣.♣
#........#... #.#
#..#.###.#.##
##.###..#.# #.).#
#..)....#.###.###
..o####...)##.)....).#
#..o5@...######..#.#
#.####...........#.#
##..######.##.# #..#
#.# .# #.... ..# .#
#.#### #### ##


You could see an orc priest, an orc wizard and a shadow imp.

Vanquished Creatures
  3 ice beasts
  A necrophage (D:5)
  3 ogres
  A centaur (D:5)
  2 big kobolds (D:4)
  2 bullfrogs
  4 wights (D:6)
  3 crimson imps
  A hound (D:5)
  Crazy Yiuf (D:3)
  An iguana (D:5)
  An orc wizard (D:5)
  2 worker ants
  A hound zombie (D:5)
  9 adders
  2 oozes (D:1)
  An adder skeleton (D:5)
  7 worms
  A dart slug (D:2)
  2 leopard geckos
  7 orcs
  3 ball pythons
  11 bats
  3 giant cockroaches
  7 hobgoblins
  4 jackals (D:1)
  4 quokkas
  7 frilled lizards
  5 goblins
  14 kobolds
  15 rats
128 creatures vanquished.

Notes
Turn   | Place    | Note
-------+----------+-------------------------------------------
     0 | D:1      | Fang the Gargoyle Berserker began the quest for the Orb.
     0 | D:1      | Reached XP level 1. HP: 14/14 MP: 1/1
   133 | D:1      | Reached XP level 2. HP: 19/20 MP: 2/2
   298 | D:1      | Reached XP level 3. HP: 23/24 MP: 3/3
   300 | D:1      | Reached skill level 3 in Axes
   303 | D:1      | Reached ** piety under Trog
   790 | D:2      | Found a stormy altar of Qazlal.
   894 | D:2      | Reached XP level 4. HP: 7/29 MP: 4/4
  1328 | D:2      | Found a faded altar of an unknown god.
  2618 | D:3      | Reached *** piety under Trog
  2641 | D:3      | Reached XP level 5. HP: 25/33 MP: 5/5
  2712 | D:3      | Found a runed door.
  2769 | D:3      | Reached skill level 4 in Axes
  3062 | D:3      | Noticed Crazy Yiuf
  3067 | D:3      | Killed Crazy Yiuf
  3067 | D:3      | Reached skill level 1 in Stealth
  3592 | D:4      | Noticed an ogre
  3600 | D:4      | Killed an ogre
  3600 | D:4      | Reached XP level 6. HP: 38/39 MP: 6/6
  3693 | D:4      | Found a staircase to the Ecumenical Temple.
  4024 | Temple   | Entered the Ecumenical Temple
  4165 | D:4      | Noticed an ice beast
  4178 | D:4      | Killed an ice beast
  4178 | D:4      | Reached skill level 5 in Axes
  4178 | D:4      | Reached XP level 7. HP: 15/44 MP: 7/7
  4689 | D:4      | Found a glowing golden altar of the Shining One.
  4788 | D:4      | Reached skill level 5 in Fighting
  4793 | D:4      | Noticed a moth of wrath
  4796 | D:4      | Found a bloodstained altar of Trog.
  5294 | D:5      | Entered Level 5 of the Dungeon
  5355 | D:5      | Found a bloodstained altar of Trog.
  5390 | D:5      | Found a glowing silver altar of Zin.
  5849 | D:5      | Reached skill level 6 in Axes
  5849 | D:5      | Reached XP level 8. HP: 47/50 MP: 8/8
  6172 | D:5      | Found Uqol's Magic Scroll Emporium.
  6511 | D:5      | Reached **** piety under Trog
  6933 | D:5      | Found a shimmering altar of Xom.
  6933 | D:5      | Found a sparkling altar of Nemelex Xobeh.
  6935 | D:5      | Found a deep blue altar of Sif Muna.
  6935 | D:5      | Found a snail-covered altar of Cheibriados.
  6935 | D:5      | Found a shimmering altar of Xom.
  7313 | D:6      | Reached skill level 7 in Axes
  7329 | D:6      | HP: 2/52 [wight/enchanted spear (4)]
  7398 | D:6      | HP: 1/52 [orc priest/divine providence (10)]
  7402 | D:6      | Slain by a shadow imp

Skill      XL: |  1  2  3  4  5  6  7  8 |
---------------+-------------------------+-----
Fighting       | 4 5 6 |  6.3
Axes           | 3 4 5 6 7 |  7.4
Dodging        | 2 3 4 |  4.5
Stealth        | 1 2 3 |  3.2
Armour         | |  2.3
Evocations     | |  0.5

Action                   |  1- 3 |  4- 6 |  7- 9 || total
-------------------------+-------+-------+-------++-------
Melee: Hand axe          |    99 |   180 |   311 ||   590
Invok: Berserk           |     1 |     5 |     5 ||    11
 Abil: Evoke Flight      |       |       |     1 ||     1
Evoke: Wand              |       |       |     2 ||     2
 Stab: Sleeping          |     1 |     2 |       ||     3
  Eat: Chunk             |       |    11 |     5 ||    16
       Ration            |       |     1 |     4 ||     5
Armor: Animal skin       |    53 |    75 |    93 ||   221
Dodge: Dodged            |    78 |   114 |   187 ||   379
